 Dungeon Crawl Stone Soup version 0.29.1-12-g30fa7ad0bf (webtiles) character file.

Game seed: 9201427467953125319

65 ilikebread the Slasher (level 3, -3/33 HPs)
             Began as a Draconian Berserker on Dec 31, 2022.
             Was a Believer of Trog.
             Slain by an orc
             ... wielding a +0 flail
              (8 damage)
             ... on level 2 of the Dungeon.
             The game lasted 00:10:48 (2104 turns).

ilikebread the Slasher (Draconian Berserker)        Turns: 2104, Time: 00:10:48

Health: -3/33      AC:  5    Str: 21    XL:     3   Next: 94%
Magic:  3/3        EV: 12    Int:  7    God:    Trog [**....]
Gold:   59         SH:  0    Dex: 10    Spells: 2/2 levels left

rFire   . . .      SeeInvis .   t - +1 short sword (holy)
rCold   . . .      Faith    .   (no shield)
rNeg    . . .      Spirit   .   (body armour unavailable)
rPois   .          Reflect  .   j - +0 hat
rElec   .          Harm     .   (no cloak)
rCorr   +          Rampage  .   (no gloves)
Will    .....                   (no boots)
Stlth   +.........              (no amulet)
HPRegen 0.11/turn               q - ring of resist corrosion
MPRegen 0.08/turn               (no ring)

@: no status effects
A: AC +5, unfitting armour, cold-blooded
a: Renounce Religion, Berserk, Trog's Hand


You were on level 2 of the Dungeon.
You worshipped Trog.
Trog was pleased with you.
You visited 1 branch of the dungeon, and saw 3 of its levels.

You collected 59 gold pieces.

Inventory:

Hand Weapons
 a - a +0 falchion
 t - a +1 short sword of holy wrath (weapon)
Missiles
 g - 33 stones (quivered)
Armour
 c - a +0 robe
 h - a +2 helmet
 j - a +0 hat (worn)
 l - a +0 leather armour
 o - a +0 ring mail
Jewellery
 q - a ring of resist corrosion (left hand)
Scrolls
 e - a scroll of teleportation {unknown}
 i - a scroll of identify {unknown}
 k - a scroll of immolation {unknown}
 p - a scroll of noise {unknown}
 r - a scroll of enchant weapon {unknown}
Potions
 d - a potion of curing {unknown}
 f - a potion of might {unknown}
 m - a potion of ambrosia {unknown}
 n - 2 potions of cancellation {unknown}
 s - a potion of haste {unknown}


   Skills:
 + Level 3.8 Fighting
 + Level 0.1(2.3) Short Blades
 + Level 3.9 Long Blades
 + Level 3.3 Dodging
 + Level 0.1 Stealth


You had 2 spell levels left.
You didn't know any spells.
Your spell library contained the following spells:

 Spells                   Type           Power      Damage    Failure   Level
 Sublimation of Blood     Necr           0%         N/A       56%         2
 Wereblood                Tmut           0%         N/A       56%         2
 Ozocubu's Armour         Ice            0%         N/A       80%         3
 Ozocubu's Refrigeration  Ice            0%         4d7       100%        7
 Summon Hydra             Summ           0%         N/A       100%        7


Dungeon Overview and Level Annotations

Branches:
Dungeon (3/15)

Altars:
Kikubaaqudgha

Shops:
D:2 :


Innate Abilities, Weirdness & Mutations

Your plain brown scales are hard. (AC +5)
You cannot fit into any form of body armour.
You are cold-blooded and may be slowed by cold attacks.


Message History

The orc is almost dead.
The orc closely misses you.
You hit the orc.
You kill the orc!
Trog accepts your kill.
You hit the orc.
The orc is heavily wounded.
The orc completely misses you. The orc hits you with a +0 whip.
You closely miss the orc.
The orc is heavily wounded.
The orc hits you with a +0 flail. The orc barely misses you.
You barely miss the orc.
Your tail-slap misses the orc.
The orc is heavily wounded.
The orc hits you with a +0 flail! The orc hits you with a +0 whip.
The orc hits you but does no damage. The orc hits you with a +0 whip.
* * * LOW HITPOINT WARNING * * *
You climb upwards.
There is a stone staircase leading down here.
There are monsters nearby!
There are monsters nearby!
The air fills with toxic fumes!
As you read the scroll labelled EKHYGI AROX, it crumbles to dust.
It was a scroll of poison.
The orc hits you with a +0 whip.
* * * LOW HITPOINT WARNING * * *
The orc hits you but does no damage. The orc barely misses you. x2
You climb downwards.
There is a stone staircase leading up, spattered with blood here.
The orc closely misses you. The orc misses you.
You climb upwards.
There is a stone staircase leading down here.
The orc attacks as you move away! The orc misses you.
The orc attacks as you move away! The orc hits you but does no damage.
The orc attacks as you move away! The orc misses you.
You hit the orc.
The orc is severely wounded.
The orc closely misses you. The orc attacks as you move away!
The orc barely misses you. The orc hits you with a +0 flail!
You die...

~~~#.#############≈≈≈~~.........#
≈≈~#.............#≈≈≈~≈......)...
≈≈~#.#######.....#≈≈≈≈.~...####.#
≈~~.## #.######≈≈≈....##.#.##
≈~.### #.#### ###≈≈.####)..#
~~...#######<...# #.##### ##.#.#
~#...........##.# #.# #..#.#
~.....######.##.###.# #.##.#
####..######.##.@...# #.##.# #
#............oo### #.##.# #
##.######.##...# #.##.#
#####.######.##...#########.##.#
.............##...>))........#[#
###.....###..##..)#########..#.#
# #.#.#...........####.........#
# #......##..##........####..###
# #.#.#.###..####.###### #..# #


You could see 2 orcs.

Vanquished Creatures
  An adder (D:2)
  A worm (D:2)
  4 orcs
  3 ball pythons (D:1)
  5 endoplasms
  3 giant cockroaches
  4 goblins
  7 hobgoblins
  5 jackals (D:1)
  3 bats
  A frilled lizard (D:1)
  3 kobolds
  4 rats
44 creatures vanquished.

Notes
Turn   | Place    | Note
-------+----------+-------------------------------------------
     0 | D:1      | ilikebread the Draconian Berserker began the quest for the
                  | Orb.
     0 | D:1      | Reached XP level 1. HP: 19/19 MP: 1/1
   171 | D:1      | Reached XP level 2. HP: 22/26 MP: 2/2
   895 | D:1      | Reached XP level 3. HP: 31/33 MP: 3/3
  1296 | D:2      | Reached ** piety under Trog
  1337 | D:2      | Found an ancient bone altar of Kikubaaqudgha.
  1735 | D:2      | Found Wyadiryt's Book Emporium.
  2104 | D:2      | Slain by an orc

Illustrated notes

Levels and vault maps discovered:
D:1:      dpeg_arrival_oval, layout_rooms
D:2:      wander_river, layout_loops_ring, serial_shops, nicolae_diamond_shop,
          basic_altar, nicolae_underground_beach
D:3:      layout_basic, mainiacjoe_overflow_24_doors, general_overflow_altar,
          minmay_rat_hole

Skill      XL: |  1  2 |
---------------+-------+-----
Dodging        | 3 |  3.3
Fighting       | |  3.8
Short Blades   | |  0.1
Long Blades    | |  3.9
Stealth        | |  0.1

Action                   || total
-------------------------++-------
Melee: Falchion          ||   124
       Tailslap          ||     9
       Punch             ||     1
       Short sword       ||    16
  Use: Scroll            ||     1
Armor: Skin              ||    48
Dodge: Dodged            ||   116
